 Dungeon Crawl Stone Soup version 0.18-a0-1392-g59a4c01 (webtiles) character file.

5135 Reinor the Covert (level 10, -7/49 HPs)
             Began as a Spriggan Abyssal Knight on Feb 23, 2016.
             Was an Elder of Lugonu.
             Mangled by a porcupine (12 damage)
             ... on level 8 of the Dungeon.
             The game lasted 00:34:21 (11998 turns).

Reinor the Covert (Spriggan Abyssal Knight)        Turns: 11998, Time: 00:34:22

Health: -7/49      AC:  3    Str: 10    XL:     10   Next: 33%
Magic:  17/17      EV: 24    Int: 18    God:    Lugonu [****..]
Gold:   228        SH:  0    Dex: 17    Spells: 1 memorised, 16 levels left

rFire  . . .     SeeInvis +     g - +4 dagger (chaos)
rCold  + . .     Gourm    .     b - +0 robe
rNeg   + . .     Faith    .     (shield restricted)
rPois  .         Spirit   .     (helmet restricted)
rElec  .         Dismiss  .     r - +0 cloak
rCorr  .         Reflect  .     (gloves unavailable)
SustAt .         Harm     .     (boots unavailable)
MR     +....                    q - amulet of magic regeneration
Stlth  ++++++....               w - ring of protection from cold
                                o - ring of positive energy

@: very quick, somewhat resistant to hostile enchantments, very stealthy
A: unfitting armour, antennae 1, fangs 1, see invisible, clever 1, herbivore 3,
speed 3, slow metabolism 2, strong 1
a: Depart the Abyss, Bend Space, Banish, Corrupt, Renounce Religion


You were on level 8 of the Dungeon.
You worshipped Lugonu.
Lugonu was greatly pleased with you.
You were very hungry.

You visited 1 branch of the dungeon, and saw 8 of its levels.
You visited the Abyss 1 time.

You collected 366 gold pieces.
You spent 138 gold pieces at shops.

Inventory:

Hand Weapons
 a - a +2 short sword
 g - a +4 dagger of chaos (weapon)
Missiles
 s - 19 poisoned needles
Armour
 b - a +0 robe (worn)
 r - a +0 cloak (worn)
Jewellery
 h - an uncursed ring of wizardry
 j - an uncursed ring of flight
 o - a ring of positive energy (left hand)
 q - an amulet of magic regeneration (around neck)
 w - a ring of protection from cold (right hand)
 G - an uncursed amulet of faith {unknown}
Wands
 m - a wand of random effects (1/48)
Scrolls
 e - 3 scrolls of amnesia
 l - 2 scrolls of teleportation
 t - a scroll of remove curse
 x - 3 scrolls of blinking
 y - 4 scrolls of magic mapping
 D - 2 scrolls of immolation
 F - a scroll of recharging
Potions
 d - 6 potions of flight
 f - 3 potions of curing
 i - 3 potions of might
 n - a potion of heal wounds
 p - 2 potions of lignification
 z - 2 potions of ambrosia
 B - 3 potions of berserk rage
 C - 2 potions of cure mutation
Books
 E - the Incunabulum of Quantum Talismans
   (You found it on level 7 of the Dungeon)

   Spells                             Type                      Level
   a - Apportation                    Translocation                1
   b - Swiftness                      Charms/Air                   2
   c - Recall                         Summoning/Translocation      3
   d - Iskenderun's Battlesphere      Conjuration/Charms           5
   e - Haste                          Charms                       6
Comestibles
 c - 7 bread rations
 A - a royal jelly
 K - a fruit


   Skills:
 - Level 4.0 Fighting
 - Level 8.0 Short Blades
 - Level 8.5 Dodging
 + Level 11.3 Stealth
 - Level 4.0 Spellcasting
 - Level 4.0 Translocations
 + Level 5.2 Invocations
 - Level 8.0 Evocations


You had 16 spell levels left.
You knew the following spells:

 Your Spells              Type           Power        Failure   Level  Hunger
a - Apportation           Tloc           ###.......   2%          1    None


Dungeon Overview and Level Annotations

Branches:
Dungeon (8/15)             Temple (0/1) D:4            Lair (0/8) D:8

Altars:
Fedhas
Nemelex Xobeh
Okawaru
Qazlal
Sif Muna
Trog
Yredelemnul
Zin

Shops:
D:4 }(!


Innate Abilities, Weirdness & Mutations

You are tiny and cannot use many weapons and most armour.
You have supernaturally acute eyesight.
You are an herbivore.
You cover ground extremely quickly.
You need consume almost no food.
You have a pair of small antennae on your head.
You have very sharp teeth.
Your mind is acute. (Int +2)
Your muscles are strong. (Str +2)


Message History

You are struck by the porcupine's spines.
You hit the porcupine. You burn the porcupine.
The porcupine is lightly wounded.
You hit the porcupine.
The porcupine seems to slow down.
The porcupine is moderately wounded.
The porcupine completely misses you.
You hit the porcupine. You freeze the porcupine.
Your bite misses the porcupine.
The porcupine is heavily wounded.
You hit the porcupine but do no damage.
The porcupine is heavily wounded.
The porcupine misses you.
You hit the porcupine but do no damage.
The porcupine is heavily wounded.
You are struck by the porcupine's spines.
* * * LOW HITPOINT WARNING * * *
You closely miss the porcupine.
The porcupine is heavily wounded.
The porcupine bites you!
You die...

...#....#...# ##...Y.......Y
...........## ##............#
...........# ##...###.......#
.......)..## ##....# #....t.##
..........## ##....####.#....#
...........#####..........##...#
...##...............P........>.#
######....................P.....
# ##......###@...$........
#.....## ##r.P......... ##..#.#
#..)♣......♣.. # #..####
#............. #
##.Y..###...♣...>$... ##
#....Y†Y............ (##
#.######Y........... ..### #.#
##........... ....#####.#
#...........


You could see a porcupine.

Vanquished Creatures
  Erica (D:8)
  Psyche (D:8)
  5 yaks (D:8)
  Grum (D:8)
  Eustachio (D:6)
  A hippogriff (D:8)
  2 wolves (D:8)
  Edmund (D:4)
  Duvessa (D:6)
  2 orc warriors
  2 black bears
  A necrophage (D:8)
  A phantom (D:8)
  2 centaurs
  3 crocodiles (D:8)
  4 giant frogs
  Dowan (D:6)
  2 scorpions
  A water moccasin skeleton (D:4)
  3 killer bees (D:8)
  3 hounds
  A crimson imp (D:6)
  2 jellies
  A giant frog skeleton (D:8)
  6 orc priests
  5 orc wizards (D:6)
  A centaur skeleton (D:6)
  Jessica (D:3)
  2 iguanas (D:4)
  5 worker ants
  A hound skeleton (D:7)
  9 adders
  9 gnolls
  A river rat (D:8)
  A shadow imp (D:6)
  2 oozes (D:4)
  2 adder skeletons
  3 worms (D:3)
  3 dart slugs
  3 giant geckos
  27 orcs
  7 bats
  2 giant cockroaches
  2 gnoll zombies (D:6)
  4 goblins
  6 hobgoblins
  7 jackals
  4 quokkas
  A ball python (D:1)
  5 giant newts
  4 kobolds (D:1)
  2 quokka skeletons
  5 rats
173 creatures vanquished.

Vanquished Creatures (others)
  A wolf (D:8)
  2 bushes (D:8)
  3 fungi (D:8)
  6 plants (D:8)
12 creatures vanquished.

Grand Total: 185 creatures vanquished

Notes
Turn   | Place    | Note
--------------------------------------------------------------
     0 | Abyss:1  | Reinor the Spriggan Abyssal Knight began the quest for the Orb.
     0 | Abyss:1  | Reached XP level 1. HP: 11/11 MP: 3/3
   141 | Abyss:1  | Noticed an insubstantial wisp
   170 | Abyss:1  | Noticed a large abomination
   201 | Abyss:1  | Noticed a large abomination
   201 | Abyss:1  | Noticed a quasit
   210 | Abyss:1  | Noticed an ancient zyme
   214 | Abyss:1  | Noticed a thrashing horror
   223 | Abyss:1  | Noticed a large abomination
   263 | Abyss:2  | Noticed a small abomination
   283 | Abyss:3  | Noticed a spatial vortex
   284 | Abyss:3  | Noticed a spatial vortex
   322 | Abyss:3  | Noticed a spatial vortex
   341 | Abyss:3  | Noticed a large abomination
   362 | Abyss:3  | Noticed a hell knight
   373 | D:1      | Escaped the Abyss
   469 | D:1      | Reached skill level 1 in Stealth
   706 | D:1      | Reached XP level 2. HP: 16/16 MP: 4/4
   779 | D:1      | Reached * piety under Lugonu
   965 | D:1      | Reached skill level 2 in Stealth
  1020 | D:1      | Reached XP level 3. HP: 13/19 MP: 5/5
  1618 | D:2      | Found an iron altar of Okawaru.
  1698 | D:2      | Reached skill level 3 in Stealth
  1745 | D:2      | Reached XP level 4. HP: 15/23 MP: 6/6
  1828 | D:2      | Reached skill level 4 in Stealth
  2500 | D:2      | Found a bloodstained altar of Trog.
  2583 | D:3      | Found a blossoming altar of Fedhas.
  2635 | D:3      | Found a glowing silver altar of Zin.
  2663 | D:3      | Noticed Jessica
  2668 | D:3      | Killed Jessica
  2668 | D:3      | Reached XP level 5. HP: 25/27 MP: 7/7
  2686 | D:3      | Reached skill level 5 in Stealth
  2943 | D:3      | Reached ** piety under Lugonu
  3279 | D:4      | Found Jinnet's Distillery.
  3284 | D:4      | Bought a potion of might for 48 gold pieces
  3284 | D:4      | Bought 2 potions of degeneration for 24 gold pieces
  3284 | D:4      | Bought a potion of lignification for 36 gold pieces
  3284 | D:4      | Bought a potion of mutation for 30 gold pieces
  3386 | D:4      | Found Fitotiesch's Antique Weapon Boutique.
  3472 | D:4      | Gained mutation: Your mind is acute. (Int +2) [potion of mutation]
  3472 | D:4      | Gained mutation: You have a pair of small antennae on your head. [potion of mutation]
  3472 | D:4      | Gained mutation: Your muscles are strong. (Str +2) [potion of mutation]
  3752 | D:4      | Reached skill level 6 in Stealth
  3946 | D:4      | Reached skill level 5 in Short Blades
  3946 | D:4      | Reached XP level 6. HP: 30/32 MP: 8/8
  3962 | D:4      | Found a staircase to the Ecumenical Temple.
  4159 | D:4      | Noticed Edmund
  4224 | D:4      | Killed Edmund
  4224 | D:4      | Reached skill level 8 in Stealth
  4278 | D:4      | Reached skill level 1 in Evocations
  4474 | D:4      | Found Teec's Gadget Emporium.
  4517 | D:5      | Entered Level 5 of the Dungeon
  4696 | D:5      | Reached XP level 7. HP: 35/35 MP: 9/9
  4872 | D:6      | Noticed Eustachio
  4879 | D:6      | Killed Eustachio
  4894 | D:6      | Reached *** piety under Lugonu
  4928 | D:6      | Noticed Dowan
  4936 | D:6      | Noticed Duvessa
  4937 | D:6      | Killed Dowan
  4996 | D:6      | Killed Duvessa
  5101 | D:6      | HP: 1/35 [orc priest/divine providence (9)]
  5471 | D:6      | HP: 1/35 [orc/trident (6)]
  5841 | D:6      | Reached skill level 5 in Evocations
  5977 | D:6      | Reached XP level 8. HP: 5/39 MP: 13/13
  6338 | D:6      | Reached skill level 5 in Invocations
  6751 | D:6      | Found a basalt altar of Yredelemnul.
  7835 | D:6      | Reached skill level 5 in Dodging
  8345 | D:7      | Identified the Incunabulum of Quantum Talismans
  8540 | D:7      | Learned a level 1 spell: Apportation
  9094 | D:7      | Reached XP level 9. HP: 45/45 MP: 16/16
  9115 | D:7      | Reached **** piety under Lugonu
  9338 | D:7      | Found a stormy altar of Qazlal.
  9343 | D:7      | Found a deep blue altar of Sif Muna.
  9345 | D:7      | Found a sparkling altar of Nemelex Xobeh.
  9884 | D:8      | Found a staircase to the Lair.
  9924 | D:8      | Noticed Erica
 10143 | D:8      | Noticed Psyche
 10144 | D:8      | Gained mutation: You have very sharp teeth. [potion of beneficial mutation]
 10163 | D:8      | Killed Psyche
 10463 | D:8      | Noticed Grum
 10518 | D:8      | Killed Grum
 10524 | D:8      | Reached skill level 9 in Stealth
 10627 | D:8      | Killed Erica
 10627 | D:8      | Reached skill level 10 in Stealth
 10627 | D:8      | Reached XP level 10. HP: 18/49 MP: 17/17
 11626 | D:8      | Reached skill level 11 in Stealth
 11998 | D:8      | Mangled by a porcupine

Vault maps used:
D:1:      minmay_arrival_five_plusses
D:2:      okawaru_ov_weapons_minmay, trog_butcher_becter
D:3:      zin_statuary, marbit_many_paths, uniq_jessica
D:4:      temple_hall, first_bread, serial_shops, shop, shop,
          nicolae_shop_trees, minmay_misc_feat_chi, minmay_misc_feat_tiny,
          uniq_edmund
D:5:      minmay_misc_feat_rows
D:6:      lemuel_zombie_altar_yredelemnul, uniq_eustachio, uniq_duvessa
D:7:      minitemple
D:8:      minmay_lair_entry_grove, uniq_psyche, uniq_erica, uniq_grum
Abyss:1:  hangedman_elemental_corridor
Abyss:3:  guppyfry_abyss_exit_imp_island

Skill      XL: |  1  2  3  4  5  6  7  8  9 10 |
---------------+-------------------------------+-----
Stealth        | 1 2 3 4 6 8 10 11 | 11.3
Short Blades   | 3 4 5 7 8 |  8.0
Invocations    | 2 4 5 |  5.2
Evocations     | 2 5 8 |  8.0
Dodging        | 6 8 |  8.5
Fighting       | 3 4 |  4.0
Spellcasting   | 4 |  4.0
Translocations | 4 |  4.0

Action                   |  1- 3 |  4- 6 |  7- 9 | 10-12 || total
-------------------------+-------+-------+-------+-------++-------
Melee: Short sword       |   133 |   175 |   400 |       ||   708
       Dagger            |     6 |       |    88 |   115 ||   209
Invok: Depart the Abyss  |     1 |       |       |       ||     1
Evoke: Wand              |       |       |    14 |       ||    14
  Use: Scroll            |     6 |     5 |     8 |       ||    19
       Potion            |       |     1 |     9 |     1 ||    11
 Stab: Sleeping          |     4 |    17 |    17 |       ||    38
       Distracted        |       |       |     2 |     2 ||     4
       Confused          |       |       |     1 |     3 ||     4
       Invisible         |       |       |     3 |       ||     3
       Paralysed         |       |       |       |     1 ||     1
  Eat: Pizza             |       |       |     1 |       ||     1
       Bread ration      |       |       |     1 |       ||     1
       Fruit             |       |       |       |     1 ||     1
